 Dungeon Crawl Stone Soup version 0.30.1 (webtiles) character file.

Game seed: 12826596711662000658

114 monsoonserge the Trooper (level 4, -5/41 HPs)
             Began as a Hill Orc Fighter on July 7, 2023.
             Was an Initiate of Nemelex Xobeh.
             Killed from afar by an orc wizard (13 damage)
             ... with a puff of flame
             ... on level 3 of the Dungeon.
             The game lasted 00:05:41 (1602 turns).

monsoonserge the Trooper (Hill Orc Fighter)         Turns: 1602, Time: 00:05:42

Health: -5/41      AC:  8    Str: 20    XL:     4   Next: 98%
Magic:  4/4        EV:  9    Int:  8    God:    Nemelex Xobeh [......]
Gold:   155        SH:  0    Dex: 10    Spells: 3/3 levels left

rFire   . . .        a - +0 war axe
rCold   . . .        c - +0 buckler
rNeg    . . .        b - +0 scale mail
rPois   .            (no helmet)
rElec   .            (no cloak)
rCorr   .            y - +0 pair of gloves
SInv    .            (no boots)
Will    .....        (no amulet) Stlth
                     (no ring)
HPRegen 0.26/turn    (no ring)
MPRegen 0.09/turn

%: no passive effects
@: confused
A: no striking features
a: Renounce Religion, Draw Escape, Draw Destruction, Draw Summoning


You were on level 3 of the Dungeon.
You worshipped Nemelex Xobeh.
Nemelex Xobeh was noncommittal.
You visited 1 branch of the dungeon, and saw 4 of its levels.

You collected 155 gold pieces.

Inventory:

Hand Weapons
 a - a +0 war axe (weapon)
Missiles
 m - 5 boomerangs (quivered)
Armour
 b - a +0 scale mail (worn)
 c - a +0 buckler (worn)
 y - a +0 pair of gloves (worn)
Magical Staves
 j - a staff of air
Jewellery
 w - a ring of fire
Wands
 o - a wand of roots (4)
Scrolls
 f - 2 scrolls of identify {unknown}
 h - a scroll of immolation {unknown}
 l - a scroll of enchant armour {unknown}
 n - 3 scrolls of poison {unknown}
 p - 2 scrolls of teleportation {unknown}
 r - a scroll of summoning {unknown}
 v - a scroll of blinking {unknown}
 x - a scroll of fog {unknown}
Potions
 d - 3 potions of might
 e - 2 potions of mutation {unknown}
 g - a potion of invisibility {unknown}
 i - a potion of lignification {unknown}
 k - a potion of attraction {unknown}
 q - a potion of flight {unknown}
 s - 2 potions of degeneration {unknown}
 t - a potion of resistance {unknown}
 u - a potion of berserk rage {unknown}


   Skills:
 + Level 4.5 Fighting
 + Level 3.6 Axes
 + Level 4.2 Armour
 + Level 0.7 Dodging
 + Level 3.9 Shields


You had 3 spell levels left.
You didn't know any spells.
Your spell library contained the following spells:

 Spells                   Type           Power      Damage    Failure   Level
 Slow                     Hex            0%         N/A       83%         1
 Confusing Touch          Hex            0%         N/A       99%         3
 Vampiric Draining        Necr           0%         2d6       99%         3


Dungeon Overview and Level Annotations

Branches:
Dungeon (4/15)
 Temple: D:4-7

Altars:
Nemelex Xobeh


Message History

You miss something. Something hits you.
You miss something. You block something's attack.
Something hits you but does no damage.
You miss something. Something hits you.
You closely miss something. Something hits you but does no damage.
The kobold throws a stone.
The stone closely misses you.
You miss something.
Something hits you but does no damage. x2
You miss something. Something hits you.
You miss something. Something hits you.
* * * LOW HITPOINT WARNING * * *
The kobold throws a stone.
The stone hits you but does no damage. Something hits you but does no damage.
You miss something. Something hits you but does no damage.
Unknown command.
Okay, then.
You hit something but do no damage. Something hits you but does no damage.
The kobold throws a stone.
You barely miss something. Something hits you.
* * * LOW HITPOINT WARNING * * *
You closely miss something.
The kobold throws a stone.
Something hits you but does no damage. Something hits you.
* * * LOW HITPOINT WARNING * * *
The kobold throws a stone.
The stone closely misses you.
You miss something.
You hear some strange, mumbled words.
A magic dart appears from out of thin air!
The magic dart hits you.
* * * LOW HITPOINT WARNING * * *
You closely miss something.
You hear some strange, mumbled words.
You are confused.
Something completely misses you.
You completely miss something. Something hits you but does no damage.
The kobold throws a stone.
Something hits you but does no damage.
You hear some strange, mumbled words.
A puff of flame appears from out of thin air!
The puff of flame hits you!
You die...
Your body disappears without a glow.

### ... #.###
#...###########
###)@.).......#######
#K{)#########.......#
#.### #.#####.# ...
#.# #.# .....
##########.## #.#
.......
........#...####.#
###.)..
#######....†.....#
#.... ###...##.#.#
#.#.. ##.###.#.#


You could see a kobold.

Vanquished Creatures
  6 adders
  3 orcs (D:3)
  5 bats
  6 endoplasms
  2 giant cockroaches
  2 goblins (D:1)
  4 hobgoblins
  4 jackals
  4 quokkas
  3 ball pythons
  2 frilled lizards (D:1)
  3 kobolds
  12 rats
56 creatures vanquished.

Notes
Turn   | Place    | Note
-------+----------+-------------------------------------------
     0 | D:1      | monsoonserge the Hill Orc Fighter began the quest for the
                  | Orb.
     0 | D:1      | Reached XP level 1. HP: 19/19 MP: 1/1
   186 | D:1      | Reached XP level 2. HP: 27/27 MP: 2/2
   308 | D:1      | Reached XP level 3. HP: 33/33 MP: 3/3
   731 | D:2      | You fall into a shaft and drop 2 floors!
   865 | D:2      | Reached XP level 4. HP: 39/41 MP: 4/4
  1388 | D:3      | Found a sparkling altar of Nemelex Xobeh.
  1396 | D:3      | Became a worshipper of Nemelex Xobeh the Trickster
  1602 | D:3      | Killed from afar by an orc wizard

Illustrated notes

Levels and vault maps discovered:
D:1:      eino_arrival_water_cross, layout_basic
D:2:      layout_rooms, kennysheep_generic_room_2
D:3:      cheibrodos_helix_gallery, layout_loops_ring,
          nicolae_overflow_crystal_walls
D:4:      layout_basic

Skill      XL: |  1  2  3 |
---------------+----------+-----
Axes           | 3 |  3.6
Fighting       | 4 |  4.5
Armour         | 4 |  4.2
Dodging        | |  0.7
Shields        | |  3.9

Action                     |  1- 3 |  4- 6 || total
---------------------------+-------+-------++-------
  Melee: War axe           |    92 |    87 ||   179
 Armour: Scale mail        |    69 |    57 ||   126
  Dodge: Dodged            |    55 |    26 ||    81
  Block: Buckler           |    24 |    24 ||    48
